Map: Catalyst LE

Players

Subwayeatn - Winner!

  • Race: Zerg Zerg
  • League: Platinum
  • Spawn Location: 11:00

Alcatraz

  • Race: Protoss Protoss
  • League: Platinum
  • Spawn Location: 5:00

VOD

Have the link to the VOD?

Description

Time

  • Played on: April 23, 2018, 2:23 a.m.
  • Length: 4:50
Show
View Real Time Build Order
Export as new Build Order

Subwayeatn Zerg - Winner!

Build Orders: Pool First, Zergling Baneling 

Get SALT Encoding   

  12  0:01  Drone  
  13  0:13  Overlord  
  13  0:17  Drone  
  14  0:24  Extractor, Drone  
  14  0:40  Spawning Pool  
  13  0:44  Drone  
  13  0:48  Drone  
  15  0:53  Drone  
  16  1:30  Hatchery  
  15  1:35  Metabolic Boost  
  15  1:51  Queen  
  17  2:02  Overlord  
  17  2:09  Zergling x2  
  17  2:10  Zergling x2  
  19  2:15  Zergling x2  
  20  2:28  Queen  
  22  2:35  Zergling x4  
  24  2:46  Overlord  
  24  2:48  Zergling x2  
  25  3:04  Baneling Nest  
  23  3:14  Drone  
  23  3:17  Zergling x12  
  30  3:30  Drone x2  
  32  3:48  Baneling x3  
  32  3:51  Baneling  
  32  4:00  Baneling  
  32  4:01  Zergling x2  
  32  4:02  Zergling x14  
  36  4:26  Zergling x14  
  43  4:33  Baneling x2  
  43  4:34  Baneling  
Show
View Real Time Build Order
Export as new Build Order

Alcatraz Protoss 

Build Orders: 1 Gate Expand 

Get SALT Encoding   

  12  0:00  Probe  
  13  0:12  Probe  
  14  0:22  Pylon  
  14  0:25  Probe  
  15  0:38  Probe  
  16  0:45  Gateway  
  16  0:46  Probe  
  16  0:47  Assimilator  
  16  0:55  Probe  
  18  1:11  Probe  
  19  1:30  Nexus  
  19  1:34  Probe  
  20  1:47  Probe  
  20  1:51  Cybernetics Core  
  21  1:55  Assimilator  
  21  2:01  Pylon  
  21  2:09  Probe  
  22  2:17  Probe  
  23  2:25  Adept, Probe  
  24  2:35  Twilight Council  
  25  2:50  Gateway, Probe  
  26  2:51  Probe  
  26  2:56  Adept  
  29  3:06  Shield Battery  
  29  3:09  Probe  
  30  3:20  Robotics Facility  
  30  3:22  Probe  
  30  3:26  Probe  
  32  3:35  Probe  
  32  3:40  Gateway  
  33  3:46  Gateway  
  33  3:54  Gateway  
  33  4:01  Gateway  
  37  4:11  Probe x2  
  39  4:23  Probe  
  40  4:38  Shield Battery  
Tags
 
Add a new tag
Caveats
  • Supply blocks, unpowered buildings, or Contaminate may cause inaccurate times.
  • Supply counts are checked every 10 seconds.